 Dungeon Crawl Stone Soup version 0.26-a0-259-g1effd001a9 (webtiles) character file.

Game seed: 9672567892636132721

2433671 bmfx the Hoplite (level 27, 201/201 HPs)
             Began as a Human Warper on July 22, 2020.
             Was the Champion of Ashenzari.
             Escaped with the Orb
             ... and 4 runes on July 23, 2020!
             The game lasted 02:47:12 (66519 turns).

bmfx the Hoplite (Human Warper)                    Turns: 66519, Time: 02:47:13

Health: 201/201    AC: 36    Str: 33    XL:     27
Magic:  26/26      EV: 23    Int: 14    God:    Ashenzari [******]
Gold:   2835       SH: 32    Dex: 16    Spells: 22/30 levels left

rFire    . . .     SeeInvis +   b - +9 eveningstar (freeze)
rCold    + . .     Faith    .   Z - +0 tower shield {rPois} (curse)
rNeg     . . .     Spirit   .   N - +6 chain mail "Guowyzu" {rCorr Str+9 SInv} (curse)
rPois    +         Reflect  +   (helmet restricted)
rElec    +         Harm     .   w - +2 cloak (curse)
rCorr    +         Clarity  +   y - +2 pair of gloves {Dex+3} (curse)
MR       ++...                  W - +2 pair of boots {run} (curse)
Stlth    ..........             i - amulet of reflection (curse)
HPRegen  0.43/turn              r - +4 ring of slaying (curse)
MPRegen  0.20/turn              v - ring of Gerphufuk {rElec rPois rC+ Str+6 Stlth-}

@: quick
A: antennae 1, beak, talons 1, thin metallic scales 1, berserk 1, blurry vision
1, clumsy 1, dopey 2, frail 1
0: Orb of Zot
}: 4/15 runes: serpentine, barnacled, silver, abyssal
a: Curse Item, Scrying, Transfer Knowledge, Renounce Religion


You escaped.
You worshipped Ashenzari.
Ashenzari was exalted by your worship.
You were very full.

You visited 9 branches of the dungeon, and saw 49 of its levels.
You visited the Abyss 1 time.
You also visited: Bailey and Gauntlet.

You collected 7479 gold pieces.
You spent 4644 gold pieces at shops.


Innate Abilities, Weirdness & Mutations

You have a pair of small antennae on your head.
You have a beak for a mouth.
You have sharp toenails.
You are partially covered in thin metallic scales. (AC +2)
You tend to lose your temper in combat.
Scrolls take you a little longer to read.
You are clumsy. (Dex -2)
You are very dopey. (Int -4)
You are frail. (-10% HP)

Dungeon Overview and Level Annotations

Branches:
Dungeon (15/15)            Temple (0/1) D:7            Lair (6/6) D:10
 Shoals (4/4) Lair:2        Snake (4/4) Lair:4        Slime (0/5) Lair:6
    Orc (2/2) D:11            Elf (3/3) Orc:2        Vaults (5/5) D:14
  Crypt (0/3) Vaults:2     Depths (5/5) D:15            Zot (5/5) Depths:5
 Bailey (visited)         Gauntlet (visited)

Altars:
Ashenzari
Elyvilon
Makhleb
Nemelex Xobeh
Qazlal
Trog
Uskayaw
Xom
Beogh
Jiyva

Shops:
D:11 *   Orc:2 **?([   Elf:1 }   Shoals:1 *   Shoals:2 =   Vaults:1 (
Vaults:2 (}   Depths:1 *   Depths:5 !

Portals:
Hell: Depths:1 Depths:2 Depths:3 Depths:4 Depths:5
Abyss: Depths:1 Depths:2 Depths:3 Depths:4
Pandemonium: Depths:3 Depths:4
Ziggurat: Depths:3
Trove: D:13 (give +6 ice dragon scales)

Annotations:
Elf:1 3 runed translucent doors, Qaurghus's ghost, veteran TrFi
Elf:3 Roxanne
Zot:2 exclusion: upstairs


   Skills:
 - Level 20.0 Fighting
 - Level 20.0 Maces & Flails
   Level 3.9(13.9) Slings
 - Level 19.8(20.0) Throwing
 - Level 18.8(22.4) Armour
 - Level 20.0 Dodging
 + Level 21.2(23.3) Shields
 - Level 2.0 Spellcasting
 - Level 5.0(8.0) Summonings
 - Level 9.1(12.0) Necromancy
 - Level 9.1(12.0) Translocations
 - Level 12.3(15.0) Evocations


You had 22 spell levels left.
You knew the following spells:

 Your Spells              Type           Power        Failure   Level
a - Apportation           Tloc           #####.       1%          1
b - Blink                 Tloc           N/A          1%          2
A - Lesser Beckoning      Tloc           #####.....   1%          3
B - Animate Skeleton      Necr           #####.       1%          1
C - Summon Butterflies    Summ           ###.....     2%          1

Your spell library contained the following spells:

 Spells                   Type           Power        Failure   Level
 Pain                     Necr           ####         1%          1
 Sublimation of Blood     Necr           #####.....   1%          2
 Gell's Gravitas          Tloc           #####.....   1%          3
 Teleport Other           Tloc           #####...     1%          3
 Vampiric Draining        Necr           #####.....   1%          3
 Summon Small Mammal      Summ           ###.         2%          1
 Call Imp                 Summ           ###.....     3%          2
 Animate Dead             Necr           #####.....   4%          4
 Shroud of Golubria       Chrm/Tloc      ###...       8%          2
 Agony                    Necr           #####...     13%         5
 Portal Projectile        Hex/Tloc       ###...       16%         3
 Summon Forest            Summ/Tloc      ####......   30%         5
 Corona                   Hex            #......      50%         1
 Foxfire                  Conj/Fire      #...         50%         1
 Magic Dart               Conj           #...         50%         1
 Sandblast                Erth           #.....       50%         1
 Shock                    Conj/Air       #...         50%         1
 Sting                    Tmut/Pois      #...         50%         1
 Ensorcelled Hibernation  Hex/Ice        #.....       63%         2
 Passwall                 Tmut/Erth      #.......     63%         2
 Poisonous Vapours        Pois/Air       #.....       63%         2
 Slow                     Hex            #.......     63%         2
 Sticks to Snakes         Tmut           #.......     63%         2
 Swiftness                Chrm/Air       #.......     63%         2
 Summon Ice Beast         Ice/Summ       ##......     75%         4
 Summon Lightning Spire   Summ/Air       ##......     75%         4
 Confusing Touch          Hex            #.......     86%         3
 Conjure Flame            Conj/Fire      #.......     86%         3
 Ignite Poison            Fire/Tmut/Pois #.......     86%         3
 Inner Flame              Hex/Fire       #.......     86%         3
 Mephitic Cloud           Conj/Pois/Air  #.......     86%         3
 Spectral Weapon          Hex/Chrm       #.......     86%         3
 Spider Form              Tmut/Pois      #.........   86%         3
 Static Discharge         Conj/Air       #.......     86%         3
 Stone Arrow              Conj/Erth      #.....       86%         3
 Tukima's Dance           Hex            #.......     86%         3
 Airstrike                Air            #.........   99%         4
 Cause Fear               Hex            #.........   99%         4
 Leda's Liquefaction      Hex/Erth       #.........   99%         4
 Olgreb's Toxic Radiance  Pois           #.......     99%         4
 Petrify                  Tmut/Erth      #.......     99%         4
 Sticky Flame             Conj/Fire      #.......     99%         4
 Alistair's Intoxication  Tmut/Pois      #.......     100%        5
 Blade Hands              Tmut           #.........   100%        5
 Fireball                 Conj/Fire      #.........   100%        5
 Irradiate                Conj/Tmut      #.........   100%        5
 Iskenderun's Battlesphe  Conj/Chrm      #.......     100%        5
 Lee's Rapid Deconstruct  Erth           #.........   100%        5
 Lightning Bolt           Conj/Air       #.........   100%        5
 Metabolic Englaciation   Hex/Ice        #.........   100%        5
 Silence                  Hex/Air        #.........   100%        5
 Yara's Violent Unravell  Hex/Tmut       #.........   100%        5
 Conjure Ball Lightning   Conj/Air       #.........   100%        6
 Darkness                 Hex            #.........   100%        6
 Freezing Cloud           Conj/Ice/Air   #.........   100%        6
 Hydra Form               Tmut           #.........   100%        6
 Invisibility             Hex            #.......     100%        6
 Statue Form              Tmut/Erth      #........    100%        6
 Dragon Form              Tmut           #.........   100%        7
 Ring of Flames           Chrm/Fire      #.........   100%        7
 Spellforged Servitor     Conj/Summ      ##........   100%        7
 Controlled Blink         Tloc           N/A          100%        8
 Discord                  Hex            #.........   100%        8
 Ignition                 Fire           #.........   100%        8
 Dragon's Call            Summ           ###.......   100%        9
 Tornado                  Air            #.........   100%        9
 Passage of Golubria      Tloc           Unusable     N/A         4

Action                   |  1- 3 |  4- 6 |  7- 9 | 10-12 | 13-15 | 16-18 | 19-21 | 22-24 | 25-27 || total
-------------------------+-------+-------+-------+-------+-------+-------+-------+-------+-------++-------
Melee: Mace              |   117 |    19 |       |       |       |       |       |       |       ||   136
       Flail             |       |       |    45 |       |       |       |       |       |       ||    45
       Hand axe          |       |       |   233 |   570 |   500 |       |       |       |       ||  1303
       Great mace        |       |       |       |    97 |       |       |       |       |       ||    97
       Morningstar       |       |       |       |       |   500 |       |       |       |       ||   500
       Eveningstar       |       |       |       |       |   441 |  1502 |   869 |   776 |  1709 ||  5297
       Peck              |       |       |       |       |       |       |       |       |   206 ||   206
 Fire: Hunting sling     |    30 |   216 |   203 |     7 |     6 |       |       |       |       ||   462
Throw: Stone             |    20 |       |       |       |       |       |       |       |       ||    20
       Dart              |       |     9 |     3 |     7 |     7 |    11 |    18 |       |       ||    55
       Boomerang         |       |       |       |       |       |       |   355 |   858 |   387 ||  1600
       Javelin           |       |       |       |       |       |       |    20 |    13 |    95 ||   128
 Cast: Lesser Beckoning  |       |       |       |       |       |       |       |     6 |       ||     6
       Apportation       |       |       |       |       |       |       |       |       |     7 ||     7
Invok: Curse Item        |       |       |     2 |     1 |     5 |     2 |     1 |     1 |     1 ||    13
       Scrying           |       |       |       |       |       |       |       |       |     1 ||     1
Evoke: Wand              |       |       |     5 |    19 |    16 |    28 |     6 |     2 |    18 ||    94
       Tin of tremorston |       |       |     2 |     5 |     7 |    15 |    18 |     6 |    13 ||    66
       Lightning rod     |       |       |       |       |       |     6 |    24 |     7 |     6 ||    43
       Phantom mirror    |       |       |       |       |       |       |       |       |     1 ||     1
  Use: Scroll            |     1 |     6 |     5 |     5 |    22 |     7 |     9 |    10 |    18 ||    83
       Potion            |       |       |     1 |       |     4 |     9 |     3 |       |    25 ||    42
 Stab: Paralysed         |       |       |     4 |    39 |       |     1 |       |       |     4 ||    48
       Sleeping          |       |       |       |       |     3 |       |       |       |       ||     3
       Invisible         |       |       |       |       |       |    25 |       |       |     4 ||    29
  Eat: Ration            |     1 |     2 |     4 |     4 |     7 |     8 |     6 |     9 |    16 ||    57
Armor: Scale mail        |    72 |    37 |   139 |    65 |       |       |       |       |       ||   313
       Troll leather arm |       |       |       |    54 |   173 |    66 |       |       |       ||   293
       Chain mail        |       |       |       |       |       |   136 |   146 |   149 |   266 ||   697
Dodge: Dodged            |    87 |    43 |   206 |   510 |   583 |   462 |   157 |   191 |   526 ||  2765
Block: Other             |    11 |    25 |   108 |    98 |       |       |       |       |       ||   242
       Reflection        |       |     1 |     3 |     5 |    15 |   113 |    78 |   141 |    85 ||   441
       Kite shield       |       |       |       |    79 |  1088 |   535 |       |       |       ||  1702
       Tower shield      |       |       |       |       |       |   876 |   675 |   773 |  1753 ||  4077

Skill      XL: |  1  2  3  4  5  6  7  8  9 10 11 12 13 14 15 16 17 18 19 20 21 22 23 24 25 26 27 |
---------------+----------------------------------------------------------------------------------+-----
Maces & Flails | 3 4 5 6 9 12 14 16 20 | 20.0
Slings         | 2 3 |  3.9
Evocations     | 2 5 6 9 12 | 12.3
Fighting       | 6 8 9 11 12 14 15 17 18 20 | 20.0
Dodging        | 4 8 11 12 13 14 16 20 | 20.0
Armour         | 7 8 10 13 14 18 | 18.8
Shields        | 5 7 9 11 12 14 15 16 17 21 | 21.2
Throwing       | 5 12 14 16 19 | 19.8
Translocations | 5 8 9 |  9.1
Necromancy     | 8 9 |  9.1
Summonings     | 5 |  5.0
Spellcasting   | |  2.0

Inventory:

Hand Weapons
 a - the +7 sceptre of Torment {pain, torment}
   (You found it on level 3 of the Elven Halls)

   In the hands of one skilled in necromantic magic, it inflicts extra damage on
   living creatures.
 b - a +9 eveningstar of freezing (weapon)
Missiles
 e - 16 boomerangs of dispersal {!f}
 G - 39 boomerangs
 K - 30 silver javelins (quivered)
 P - 47 javelins
 R - 16 throwing nets {!f}
 T - 5 curare-tipped darts
Armour
 m - a cursed +2 helmet
 w - a cursed +2 cloak (worn)
 y - a cursed +2 pair of gloves of dexterity (worn)
 M - the -1 pair of boots "Ucicilog" {rPois rF+++ Str+3 Stlth-}
   (You found it on level 3 of the Snake Pit)

   It affects your strength (+3).
   It renders you almost immune to fire.
   It protects you from poison.
   It makes you less stealthy.
 N - the cursed +6 chain mail "Guowyzu" (worn) {rCorr Str+9 SInv}
   (You bought it in a shop on level 2 of the Orcish Mines)

   It affects your strength (+9).
   It lets you see invisible.
   It provides partial protection from all sources of acid and corrosion.
   It has a curse placed upon it.
 W - a cursed +2 pair of boots of running (worn)
 Z - a cursed +0 tower shield of poison resistance (worn)
Jewellery
 i - a cursed amulet of reflection (around neck)
 r - a cursed +4 ring of slaying (left hand)
 v - the ring of Gerphufuk (right hand) {rElec rPois rC+ Str+6 Stlth-}
   (You found it on level 3 of the Elven Halls)

   [ring of protection from cold]

   It affects your strength (+6).
   It protects you from cold.
   It insulates you from electricity.
   It protects you from poison.
   It makes you less stealthy.
 O - the ring of Vichavos {Wiz rN++ MR+ Int+3}
   (You found it on level 3 of the Depths)

   [ring of wizardry]

   It improves your spell success rate.
   It affects your intelligence (+3).
   It greatly protects you from negative energy.
   It affects your resistance to hostile enchantments.
 S - an uncursed amulet of the acrobat
Wands
 h - a wand of acid (53)
 j - a wand of enslavement (29)
 p - a wand of clouds (11)
 s - a wand of digging (9)
 D - a wand of paralysis (34)
 F - a wand of polymorph (30)
 L - a wand of iceblast (53)
Scrolls
 f - 9 scrolls of blinking {@r2}
 g - a scroll of summoning
 t - 35 scrolls of identify {@r3}
 u - a scroll of remove curse {@r4}
 x - 6 scrolls of magic mapping
 C - a scroll of holy word
 E - a scroll of silence
 J - 6 scrolls of fear
 X - 4 scrolls of fog
 Y - 35 scrolls of teleportation {@r1}
Potions
 c - 5 potions of flight
 l - 2 potions of cancellation
 n - 7 potions of heal wounds {@q1}
 o - a potion of mutation
 q - 3 potions of haste {@q4}
 z - 11 potions of curing {@q2}
 H - 5 potions of magic
 U - 4 potions of might
 V - 6 potions of berserk rage
Miscellaneous
 k - a tin of tremorstones (3/3)
 A - a lightning rod (4/4)
 B - 4 boxes of beasts
 I - 2 phantom mirrors
 Q - a phial of floods
Comestibles
 d - 107 rations

##......#.# #.# #.......#
#...# ##.##†###.# #.#
#.#.#.#.# ##..# ....#.# #.#
#.# #.#.#.#.# #..# ##.##.#
#.###.###.#.#.#[# #..#
#.##.###.........#.#...#
#..#
####...........###.#####
##.# ########....###.....#
#.# ##≈≈..≈≈≈≈≈####.# #.#
##≈≈.≈≈≈.@≈≈≈###.# #>#
##≈≈.≈≈...≈≈8≈≈##.# #.#
#≈≈.≈≈.≈≈≈≈...≈≈#.######.##
#≈.≈≈.≈≈...≈≈≈.≈#.##.......
##≈.≈.≈≈..≈≈≈8≈.≈...'.......
#≈≈.≈.≈.≈≈....≈.≈≈###.......
#≈8.≈.≈.≈8.≈≈.≈.8≈# #.......
#≈≈.≈.≈.≈≈.8≈.≈.≈≈# #.......
##≈.≈.≈≈...≈≈.≈.≈## #.......


There were no monsters in sight!

Vanquished Creatures
  3 orbs of fire
  Mara (Snake:3)
  Mennas (Vaults:3)
  8 ancient liches
  2 juggernauts (Depths:3)
  Bai Suzhen (Shoals:4)
  Margery (Depths:5)
  7 Killer Klowns (Zot:5)
  Saint Roka (Depths:2)
  Xtahua (Vaults:5)
  A caustic shrike (Depths:3)
  4 golden dragons
  Nikola (Vaults:3)
  A bone dragon (Abyss:3)
  A hellephant (Abyss:3)
  2 electric golems (Zot:5)
  Rupert (Lair:6)
  Jorgrun (Snake:1)
  A Hell Sentinel (Abyss:3)
  4 tentacled monstrosities
  6 liches
  2 quicksilver dragons (Vaults:5)
  3 deep elf blademasters
  27 Orb Guardians
  5 titans (Vaults:5)
  8 death cobs
  2 deep elf master archers (Elf:3)
  Polyphemus (Shoals:3)
  Kirke (Shoals:4)
  6 sphinxes
  6 shadow dragons
  3 tentacled starspawn (Abyss:3)
  4 krakens (Shoals:2)
  13 storm dragons
  11 tengu reavers
  Ilsuiw (Shoals:2)
  10 frost giants
  2 draconian knights
  4 draconian monks
  Louise (Shoals:4)
  8 fire giants
  10 nagarajas
  30 vault wardens
  An iron dragon (Vaults:5)
  4 orc warlords
  8 deep elf sorcerers
  A draconian shifter (Depths:5)
  A draconian scorcher (Depths:5)
  A ghost moth (Abyss:3)
  The ghost of Hainim the Frost Mage, a journeyman OpVM of Vehumet (Snake:4)
  A balrug (Abyss:1)
  5 deep elf elementalists (Elf:3)
  24 stone giants
  2 reapers
  A war gargoyle (Vaults:5)
  16 ironheart preservers
  4 draconian stormcallers
  4 entropy weavers
  A spriggan defender (Depths:4)
  20 very ugly things
  5 green draconians
  4 vampire knights
  15 deep elf demonologists
  3 black draconians
  Azrael (Elf:2)
  3 red draconians
  6 deep elf annihilators (Elf:3)
  2 purple draconians
  A yellow draconian (Depths:5)
  A dire elephant (Lair:6)
  7 spark wasps
  2 white draconians (Zot:5)
  2 minotaurs (Depths:3)
  21 ettins
  3 merfolk javelineers (Shoals:4)
  An ettin (shapeshifter) (Vaults:5)
  Snorg (D:10)
  A blizzard demon (Abyss:3)
  2 crystal guardians
  10 deep elf death magi
  5 fire dragons
  14 yaktaur captains
  8 great orbs of eyes
  7 merfolk impalers
  An eidolon (Abyss:1)
  36 vault guards
  10 ice dragons
  4 deep elf high priests
  A hell beast (Depths:2)
  Fannar (D:10)
  9 rakshasas
  12 naga warriors
  4 spriggan air magi
  6 merfolk avatars
  6 hydras
  An alligator snapping turtle (Shoals:3)
  A catoblepas (Shoals:3)
  8 centaur warriors
  17 ogre magi
  6 merfolk aquamancers
  45 two-headed ogres
  12 deep troll shamans
  2 satyrs
  9 anacondas
  3 deep troll earth magi
  4 death yaks
  23 dancing weapons
  4 tengu warriors
  6 thrashing horrors
  2 vampire magi
  3 spriggan berserkers
  11 shock serpents
  10 naga sharpshooters
  Urug (D:10)
  3 orc high priests
  12 hell knights
  16 deep elf knights
  18 large abominations (Abyss:3)
  4 iron trolls (Depths:5)
  A sun demon (Abyss:3)
  5 sixfirhies
  A fire crab (shapeshifter) (Depths:2)
  A skeletal warrior (Vaults:2)
  2 shadow wraiths
  A death drake (Abyss:3)
  6 salamander mystics
  4 wretched stars (Abyss:3)
  10 sea snakes
  5 spatial maelstroms (Abyss:3)
  3 flayed ghosts
  A torturous demonspawn (Depths:4)
  3 unseen horrors
  23 deep trolls
  A death drake (shapeshifter) (Vaults:2)
  An obsidian statue (Zot:5)
  3 wizards
  4 glowing orange brains
  24 ironbrand convokers
  A lindwurm (shapeshifter) (Depths:3)
  22 deep elf archers
  8 naga ritualists
  4 phantasmal warriors (Vaults:5)
  A sphinx zombie (Vaults:3)
  Pikel (D:9)
  19 harpies
  13 orc knights
  10 mana vipers
  2 harpies (shapeshifter)
  11 orc sorcerers
  12 necromancers
  19 salamanders
  11 cyclopes
  A fire giant zombie (Vaults:3)
  A tengu skeleton (Depths:4)
  A wolf spider zombie (D:15)
  48 ugly things
  5 fauns
  80 deep elf magi
  A salamander (shapeshifter) (Vaults:5)
  5 wolf spiders
  14 manticores
  A wolf spider (shapeshifter) (Depths:4)
  5 moths of wrath
  A worldbinder (Abyss:3)
  An iron dragon skeleton (Depths:4)
  8 elephants
  3 guardian serpents
  19 merfolk sirens
  2 rust devils
  47 black mambas
  A black mamba (shapeshifter) (Depths:1)
  12 vault sentinels
  An orange demon (Abyss:3)
  2 gargoyles
  19 naga magi
  An apocalypse crab (Abyss:3)
  4 water nymphs
  17 cane toads
  2 torpor snails (Gauntlet)
  A rime drake (shapeshifter) (Depths:1)
  2 human zombies (Vaults:3)
  4 rime drakes
  A storm dragon simulacrum (Vaults:3)
  9 smoke demons
  A spriggan skeleton (Depths:4)
  An efreet (D:13)
  A tormentor (Depths:4)
  60 yaktaurs
  4 freezing wraiths
  An ice devil (Abyss:3)
  9 komodo dragons
  A hellwing (Depths:4)
  A human skeleton (Vaults:3)
  A harpy zombie (Abyss:3)
  5 polar bears
  7 trolls
  A yaktaur skeleton (Vaults:3)
  9 ancient zymes (Abyss:3)
  29 merfolk
  4 tengu conjurers (Depths:3)
  A meliai (shapeshifter) (Depths:1)
  A jumping spider (Vaults:3)
  A troll (shapeshifter) (Abyss:3)
  A jumping spider (shapeshifter) (Vaults:5)
  The ghost of vurker the Chiller, an amateur DrIE (D:4)
  A queen bee (Depths:3)
  A wind drake (shapeshifter) (Vaults:3)
  2 hornets
  11 raiju
  25 blink frogs
  38 slime creatures
  5 wind drakes
  4 snapping turtles
  A hornet (shapeshifter) (Depths:2)
  8 hippogriffs
  3 human simulacra
  10 dream sheep
  A fire giant simulacrum (Vaults:2)
  26 starcursed masses (Abyss:3)
  3 air elementals
  5 wraiths
  A spriggan (shapeshifter) (Depths:1)
  3 shadows
  2 tarantellas (shapeshifter)
  A centaur simulacrum (D:15)
  6 redbacks
  77 yaks
  2 vampires
  A human (shapeshifter) (Depths:3)
  2 wyverns (D:11)
  5 basilisks
  A chaos spawn (Zot:4)
  A yak (shapeshifter) (Depths:1)
  3 ynoxinuls (Abyss:3)
  4 fire elementals
  A golden eye (shapeshifter) (Vaults:4)
  A golden eye (Abyss:3)
  4 humans (D:9)
  7 neqoxecs (Abyss:3)
  19 water elementals
  4 hogs (Shoals:4)
  2 vampire mosquitoes (D:12)
  5 small abominations
  A spatial vortex (Abyss:3)
  11 wargs
  12 water moccasins
  A soldier ant (D:11)
  48 nagas
  A soldier ant (shapeshifter) (Depths:5)
  10 porcupines
  6 hell hounds
  67 orc warriors
  3 sky beasts
  An ettin simulacrum (Vaults:3)
  4 eyes of draining
  3 black bears
  4 ice beasts
  44 ogres
  2 necrophages
  2 phantoms
  3 wolves (Lair:2)
  A boggart (D:14)
  An ogre (shapeshifter) (Vaults:2)
  15 centaurs
  14 crocodiles
  A crocodile (shapeshifter) (Depths:4)
  3 big kobolds (D:14)
  14 bullfrogs
  3 earth elementals
  8 gnoll sergeants (Bailey)
  7 scorpions
  A wyvern skeleton (D:10)
  4 troll zombies (D:11)
  A killer bee (shapeshifter) (Vaults:4)
  33 killer bees
  18 wights
  3 electric eels (Snake:1)
  7 howler monkeys
  5 centaur zombies
  6 lava snakes (Snake:3)
  2 crimson imps (Depths:4)
  3 bullfrog zombies
  6 quasits
  7 gnoll shamans
  6 hounds
  6 jellies
  35 orc priests
  A bullfrog skeleton (D:11)
  An iron imp (Depths:4)
  6 centaur skeletons
  37 orc wizards
  11 worker ants
  A yak simulacrum (D:14)
  3 polar bear simulacra (D:14)
  2 killer bee zombies
  3 wolf simulacra (D:14)
  4 ogre zombies (D:11)
  2 hound zombies
  4 hound skeletons
  A howler monkey zombie (D:11)
  3 howler monkey skeletons
  Robin (D:2)
  26 gnolls
  24 adders
  4 shadow imps
  8 white imps
  5 ufetubi
  8 oozes
  An adder zombie (D:5)
  3 adder skeletons
  2 worms
  2 dart slugs
  5 leopard geckos
  166 orcs
  2 ball pythons
  6 bats
  6 giant cockroaches
  16 goblins
  8 hobgoblins
  9 jackals
  9 kobolds
  5 quokkas
  5 frilled lizards
  2 goblin skeletons (D:11)
  2 goblin zombies (D:11)
  2 hobgoblin skeletons (D:11)
  5 hobgoblin zombies (D:11)
  2 leopard gecko zombies (D:4)
  An orc skeleton (D:11)
  13 orc zombies (D:11)
  A quokka skeleton (D:8)
  6 rats
  4 river rat simulacra (D:14)
  3 fungi
  A lurking horror (Abyss:3)
  2 plants
  10 tentacles (Shoals:2)
2613 creatures vanquished.

Vanquished Creatures (collateral kills)
  A death cob (Zot:1)
  A storm dragon (Zot:5)
  A draconian monk (Zot:1)
  2 very ugly things (Vaults:3)
  A stone giant (Vaults:3)
  An ugly thing (Vaults:3)
  2 nagas (Snake:2)
9 creatures vanquished.

Vanquished Creatures (others)
  An ancient lich (Zot:5)
  A death cob (Zot:1)
  A nagaraja (Snake:4)
  A fire giant (Vaults:5)
  An ironheart preserver (Vaults:3)
  An ettin (Vaults:3)
  A fire dragon (Vaults:2)
  A deep elf knight (Elf:3)
  A harpy (Shoals:4)
  2 deep elf magi (Elf:3)
  A manticore (Shoals:2)
  A hellwing (Abyss:3)
  A tengu conjurer (Depths:1)
  A water elemental (Depths:3)
  2 humans (Shoals:4)
  A naga (Snake:3)
  An orc warrior (Vaults:4)
  An orc priest (Orc:2)
  2 orcs
  6 fungi
  36 plants
  6 starspawn tentacles (Abyss:3)
  20 tentacles (Shoals:2)
90 creatures vanquished.

Grand Total: 2712 creatures vanquished

Levels and vault maps discovered:
D:1:      nagdon_arrival_double_spiral, layout_basic, serial_glass,
          glass_columns_a, glass_columns_b, glass_columns_a,
          evilmike_ruin_ashenzari
D:2:      layout_loops_cross, uniq_robin
D:3:      layout_basic
D:4:      layout_loops_ring, old_standard_altar, gammafunk_ghost_necromancy
D:5:      layout_basic, first_ration, bloody_makhleb
D:6:      layout_basic, minmay_misc_feat_more_columns
D:7:      minmay_cornered_nines, layout_basic, lemuel_doored_altar,
          elyvilon_altar_3, minmay_temple_entry_tees
D:8:      layout_basic, hangedman_little_slice_of_home
D:9:      layout_gridville, dancing_weapons_uskayaw, xom_teletrap_fun,
          special_room [special_room_orc], minmay_ruffians, uniq_pikel
D:10:     layout_rooms, lair_entry_dummy, uniq_fannar, uniq_urug, uniq_snorg
D:11:     layout_roguey, zombieorc2_lemuel, serial_shops, shop,
          grunt_ministairs_13, evilmike_minifort
D:12:     layout_roguey, minmay_circle_x
D:13:     minmay_the_grid_triangle_9x9_rhombus_thin_mashed
          [minmay_the_grid_triangle_9x9_limited_checkers,
          minmay_the_grid_triangle_9x9_prize_top_heavy,
          minmay_the_grid_triangle_9x9_intruding_spiral,
          minmay_the_grid_triangle_9x9_warning], layout_rooms,
          nicolae_trove_entry_columns, hex_medium
D:14:     layout_loops_corners, hangedman_vaults_entry_quadrant_bands,
          infiniplex_staircase_pool_2, eino_house_with_fridge
D:15:     grunt_enter_depths_hoard, layout_loops_corners,
          chequers_serial_rivers_small_a
Lair:1:   layout_chaotic_city, nicolae_quartered_pool_medium, st_stairs_7,
          lemuel_fruit_tree
Lair:2:   layout_gridlike, elwin_shoals_entry_stream, serial_forest,
          infiniplex_forest_straight_1, infiniplex_forest_corner_2,
          infiniplex_forest_lined_3, infiniplex_forest_lined_2,
          infiniplex_forest_lined_3, infiniplex_forest_lined_4_way,
          infiniplex_forest_lined_corner, infiniplex_forest_straight_1,
          infiniplex_forest_clump_diagonal
Lair:3:   layout_regular_city, gauntlet_entry_generic, serial_rivers,
          chequers_serial_rivers_room_b, chequers_serial_rivers_micro_d,
          chequers_serial_rivers_micro_c, chequers_serial_rivers_micro_c
Lair:4:   layout_hall_layers, minmay_snake_entry_six_corridors
Lair:5:   layout_concentric_octagons
Lair:6:   gammafunk_lair_ancient_temple, layout_hall_layers,
          dpeg_slime_entry_enclosed_altar, uniq_rupert
Shoals:1: layout_shoals, nicolae_shoals_seven_spires, nicolae_island_escapes
Shoals:2: layout_shoals, minmay_shop_enchanted_jewellery,
          nicolae_shoals_kraken_party, uniq_ilsuiw
Shoals:3: gammafunk_the_bubble [the_bubble_gammafunk_split], layout_shoals,
          uniq_polyphemus
Shoals:4: shoals_end_hangedman, layout_shoals,
          nicolae_shoals_stone_sculpture_thing, uniq_kirke, uniq_bai_suzhen,
          uniq_louise
Snake:1:  layout_misc_corridors, serial_bayou_shore_a, uniq_jorgrun
Snake:2:  layout_grid_shapes, st_stairs_8
Snake:3:  hangedman_cross_veins, layout_cave_shapes, st_stairs_11,
          nicolae_snake_lava_pool, uniq_mara
Snake:4:  snake_pit, layout_gridlike, ebering_ghost_disaster_area
Orc:1:    layout_caves, enter_bailey_3
Orc:2:    grunt_orc_community_town_hall, layout_caves,
          grunt_orc_community_big_house_2, grunt_orc_community_big_house_1,
          grunt_orc_community_house_3, grunt_orc_community_house_3,
          grunt_orc_community_house_1, grunt_orc_community_house_1,
          grunt_orc_community_house_2, grunt_orc_community_house_3, basic_altar,
          serial_shops, nicolae_shop_stone
Elf:1:    elf_arrival_002, layout_geoelf_diagonals, ebering_ghost_rock_garden,
          serial_shops, shop, minmay_elf_sorcery
Elf:2:    layout_geoelf_grid, elves_outpost_lemuel, uniq_azrael
Elf:3:    grunt_elf_hall_branching, layout_onion_city, grunt_ministairs_1,
          st_stairs_10, uniq_roxanne
Vaults:1: hangedman_vaults_locks, st_quartered_hall, vaults_room_fours,
          v_rooms_6, nicolae_vaults_angled_halls,
          vaults_room_grunt_arrival_checkpoint, ontoclasm_vaults_misaligned,
          v_pattern_5, vaults_room_pool, nicolae_vaults_little_squares_2,
          ontoclasm_vaults_twist, ontoclasm_vaults_shuriken, layout_vaults_ring,
          serial_shops, shop
Vaults:2: vaults_mumra_hexcomb, hangedman_vaults_maws,
          minmay_crypt_entry_simple_plaza, grunt_vaults_twisty,
          dpeg_vaults_monster_box, layout_vaults_chaotic_city, serial_shops,
          shop_fountains
Vaults:3: vaults_standard_mumra_lines, v_misc_1,
          nicolae_vaults_little_squares_6, v_misc_28, vaults_mumra_hex,
          v_misc_15, v_misc_30, vaults_room_stairs_pillars,
          hangedman_vaults_restitches, nicolae_vaults_rhombus_5,
          vaults_room_stairs_pillars, serial_ice_b,
          nicolae_vaults_quartermaster, serial_ice_g, layout_vaults_maze_snakey,
          uniq_nikola, uniq_mennas
Vaults:4: nicolae_vaults_shelves_hall, grunt_vaults_funnel,
          nicolae_vaults_little_ls, nicolae_vaults_hallways_thing,
          vaults_dpeg_ring, layout_vaults_quadrants
Vaults:5: uniq_xtahua
Depths:1: evilmike_cross, layout_gridville, hell_entry, minmay_crystal_water,
          abyss_entry, hangedman_decor_push, nicolae_transmutations_shop,
          minmay_alternating_orb
Depths:2: minmay_shoctagon, layout_honeycomb, hell_entry, abyss_entry,
          wad_floor_pattern_1, firewood_loft, uniq_saint_roka
Depths:3: box_level_dp, pan_entry, abyss_entry, hell_entry
Depths:4: minmay_shrinking_squares, layout_long_grid,
          grunt_pan_entry_in_and_out, serial_sigils,
          serial_sigils_hangedman_scratch, serial_sigils_hangedman_quiver,
          serial_sigils_hangedman_writhe, serial_sigils_hangedman_quiver,
          abyss_entry, hangedman_coc_ice_floe
Depths:5: evilmike_zot_entry_diamond, layout_cave_pools, serial_shops, shop,
          hell_entry, grunt_decor_arrowhead, uniq_margery
Zot:1:    layout_gridlike
Zot:2:    layout_onion, ebering_ghost_inner_flame, nicolae_zot_crop_circle
Zot:3:    nicolae_zot_stationary_front, layout_misc_corridors
Zot:4:    layout_cellular_growth, zot_minivault_4
Zot:5:    layout_basic, grunt_ministairs_2, hangedman_zot_decor_scrapings,
          drop_trap, skrybe_zot_glass_2


Message History

You freeze the reaper! You peck the reaper, but do no damage.
The reaper is severely wounded.
You block the reaper's attack.
You bludgeon the reaper!! You freeze the reaper.
You kill the reaper!
You see here a +2 scythe of venom.
(D) Dungeon (T) Temple (L) Lair (A) Shoals (P) Snake Pit (M) Slime Pits (O) Orcish Mines (E) Elven Halls (V) Vaults (C) Crypt (U) Depths (H) Hell (Z) Zot
Where to? (Enter - D:2 @ (x,y), ? - help)
There is a stone staircase leading up here.
You climb upwards.
There is a stone staircase leading down here.
You see here a +0 club.
You see here a +0 leather armour.
You enter the shallow water.
Moving in this stuff is going to be slow.
There is a staircase leading out of the dungeon here.
You have escaped!

Notes
Turn   | Place    | Note
-------+----------+-------------------------------------------
     0 | D:1      | bmfx the Human Warper began the quest for the Orb.
     0 | D:1      | Reached XP level 1. HP: 16/16 MP: 3/3
    72 | D:1      | Reached XP level 2. HP: 18/22 MP: 5/5
   446 | D:1      | Reached XP level 3. HP: 15/27 MP: 6/6
   707 | D:1      | Found a shattered altar of Ashenzari.
   716 | D:1      | Became a worshipper of Ashenzari the Shackled
  1239 | D:2      | Reached XP level 4. HP: 27/33 MP: 7/7
  1292 | D:2      | Noticed Robin
  1303 | D:2      | Killed Robin
  1303 | D:2      | Reached skill level 1 in Slings
  2618 | D:3      | Reached XP level 5. HP: 38/38 MP: 8/8
  2859 | D:3      | Reached * piety under Ashenzari
  3066 | D:4      | Found a runed translucent gate.
  3066 | D:4      | Found a runed translucent gate.
  3066 | D:4      | Found a runed translucent gate.
  3221 | D:4      | Reached XP level 6. HP: 44/44 MP: 9/9
  3224 | D:4      | Found a sparkling altar of Nemelex Xobeh.
  3306 | D:4      | Reached skill level 1 in Evocations
  3411 | D:4      | Noticed vurker's ghost (amateur DrIE)
  3911 | D:4      | Reached XP level 7. HP: 50/50 MP: 10/10
  4158 | D:5      | Entered Level 5 of the Dungeon
  5177 | D:5      | Found a burning altar of Makhleb.
  5311 | D:5      | Reached skill level 5 in Evocations
  5311 | D:5      | Reached skill level 5 in Maces & Flails
  5311 | D:5      | Reached XP level 8. HP: 42/54 MP: 11/11
  5961 | D:6      | Got the hand axe of Cocytus {venom, rC+ Int+3 SInv}
  5962 | D:6      | Identified the +5 hand axe of Cocytus {venom, rC+ Int+3
                  | SInv} (You found it on level 6 of the Dungeon)
  6653 | D:7      | Found a stormy altar of Qazlal.
  6873 | D:7      | Found a staircase to the Ecumenical Temple.
  6945 | D:7      | Reached ** piety under Ashenzari
  6972 | D:7      | Reached skill level 5 in Fighting
  7147 | D:7      | Noticed a gargoyle
  7158 | D:7      | Noticed a yak
  7159 | D:7      | Killed a gargoyle
  7159 | D:7      | Reached XP level 9. HP: 64/67 MP: 12/12
  7167 | D:7      | Reached skill level 5 in Dodging
  7568 | D:7      | Found a white marble altar of Elyvilon.
  8529 | D:8      | Reached XP level 10. HP: 67/74 MP: 13/13
  9123 | D:9      | Noticed a +0 hand axe
  9123 | D:9      | Noticed a -3 dagger
  9124 | D:9      | Found a hide-covered altar of Uskayaw.
  9470 | D:9      | Found a shimmering altar of Xom.
  9470 | D:9      | Noticed Pikel
  9491 | D:9      | Killed Pikel
  9542 | D:9      | Reached skill level 5 in Armour
 10068 | D:9      | Found a roughly hewn altar of Beogh.
 10284 | D:10     | Entered Level 10 of the Dungeon
 10298 | D:10     | Noticed Urug
 10322 | D:10     | Killed Urug
 10322 | D:10     | Reached XP level 11. HP: 84/84 MP: 14/14
 10344 | D:10     | Noticed an unseen horror
 10364 | D:10     | Killed an unseen horror
 10466 | D:10     | Found a staircase to the Lair.
 10489 | D:10     | Noticed a two-headed ogre
 10498 | D:10     | Killed a two-headed ogre
 10566 | D:10     | Noticed an unseen horror
 10581 | D:10     | Killed an unseen horror
 10759 | D:10     | Noticed Snorg
 10779 | D:10     | Killed Snorg
 10884 | D:10     | Noticed Fannar
 10903 | D:10     | Killed Fannar
 10966 | D:10     | Reached XP level 12. HP: 81/90 MP: 15/15
 10979 | D:10     | Reached skill level 10 in Maces & Flails
 11162 | D:11     | Reached *** piety under Ashenzari
 11169 | D:11     | Found a staircase to the Orcish Mines.
 11392 | D:11     | Noticed a five-headed hydra
 11396 | D:11     | Killed a five-headed hydra
 11687 | D:11     | Reached skill level 1 in Shields
 11819 | D:11     | Reached skill level 2 in Shields
 11845 | D:11     | Found Qeisa's General Store.
 11853 | D:11     | Bought a potion of might for 52 gold pieces
 11853 | D:11     | Bought a potion of degeneration for 13 gold pieces
 11854 | D:11     | Bought a scroll of identify for 26 gold pieces
 12024 | D:11     | Reached skill level 3 in Shields
 12044 | D:11     | Reached skill level 4 in Shields
 12161 | Lair:1   | Entered Level 1 of the Lair of Beasts
 12382 | Lair:1   | Reached skill level 5 in Shields
 12382 | Lair:1   | Reached XP level 13. HP: 95/96 MP: 16/16
 12688 | Lair:1   | Noticed a five-headed hydra
 12693 | Lair:1   | Killed a five-headed hydra
 12693 | Lair:1   | Reached skill level 6 in Shields
 13109 | Lair:2   | Reached skill level 7 in Shields
 13157 | Lair:2   | Reached **** piety under Ashenzari
 13402 | Lair:2   | Noticed a seven-headed hydra
 13407 | Lair:2   | Killed a seven-headed hydra
 13523 | Lair:2   | Found a staircase to the Shoals.
 14434 | Lair:3   | Found a gate leading to a gauntlet.
 14531 | Gauntlet | Entered a Gauntlet
 14531 | Gauntlet | Found a runed translucent door.
 14531 | Gauntlet | Found a transporter.
 14531 | Gauntlet | Found a runed translucent door.
 14531 | Gauntlet | Found a transporter.
 14549 | Gauntlet | Found a transporter.
 14553 | Gauntlet | Found a transporter.
 14561 | Gauntlet | Found a transporter.
 14565 | Gauntlet | Found a transporter.
 14569 | Gauntlet | Found a runed translucent door.
 14569 | Gauntlet | Found a runed translucent door.
 14573 | Gauntlet | Found a transporter.
 14574 | Gauntlet | Identified the ring of Impatience {rN+ MP+9 Str+3 SInv}
 14589 | Gauntlet | Found a transporter.
 14596 | Gauntlet | Noticed a great orb of eyes
 14606 | Gauntlet | Found a transporter.
 14607 | Gauntlet | Found a transporter.
 14615 | Gauntlet | Found a transporter.
 14619 | Gauntlet | Found a transporter.
 14701 | Gauntlet | Identified a +2 pair of boots of running (You found it in a
                  | Gauntlet)
 14840 | Gauntlet | Noticed a minotaur
 14860 | Gauntlet | Identified the Guide on Transmigration
 14935 | Lair:3   | Noticed a four-headed hydra
 14961 | Lair:3   | Killed a four-headed hydra
 14961 | Lair:3   | Reached XP level 14. HP: 103/105 MP: 17/17
 15018 | Lair:3   | Reached ***** piety under Ashenzari
 15200 | Lair:3   | Reached skill level 15 in Maces & Flails
 15843 | Lair:4   | Found a staircase to the Snake Pit.
 17139 | Lair:6   | Entered Level 6 of the Lair of Beasts
 17201 | Lair:6   | Found a viscous altar of Jiyva.
 17202 | Lair:6   | Found a staircase to the Slime Pits.
 17230 | Lair:6   | Reached skill level 8 in Shields
 17343 | Lair:6   | Noticed a dire elephant
 17369 | Lair:6   | Killed a dire elephant
 17469 | Lair:6   | Noticed Rupert
 17528 | Lair:6   | Identified the +5 rapier of Sutuproz {freeze, Dex+3}
 17662 | Lair:6   | Reached skill level 9 in Shields
 17997 | Lair:6   | Reached XP level 15. HP: 107/115 MP: 18/18
 18037 | Lair:6   | Reached skill level 10 in Fighting
 18165 | Lair:6   | Identified a scroll of acquirement
 18165 | Lair:6   | Acquired a cursed +2 eveningstar of protection
 18177 | Lair:6   | Reached skill level 10 in Shields
 18516 | D:4      | Killed vurker's ghost
 19061 | D:12     | Reached ****** piety under Ashenzari
 19440 | D:13     | Found a portal to a secret trove of treasure.
 19786 | D:14     | Reached skill level 11 in Shields
 20334 | D:14     | Found a gate to the Vaults.
 20937 | D:15     | Entered Level 15 of the Dungeon
 21137 | D:15     | Reached XP level 16. HP: 127/127 MP: 19/19
 21197 | D:15     | Reached skill level 12 in Shields
 21744 | D:15     | Found a staircase to the Depths.
 22430 | D:13     | Reached skill level 10 in Dodging
 22571 | Orc:1    | Entered Level 1 of the Orcish Mines
 22652 | Orc:1    | Found a flagged portal.
 22658 | Bailey   | Entered a bailey
 23624 | Orc:2    | Entered Level 2 of the Orcish Mines
 23895 | Orc:2    | Found a roughly hewn altar of Beogh.
 24080 | Orc:2    | Paralysed by an orc sorcerer for 7 turns
 24314 | Orc:2    | Found a staircase to the Elven Halls.
 24685 | Orc:2    | Reached XP level 17. HP: 133/133 MP: 20/20
 24717 | Orc:2    | Found Hetuc's Antique Weapon Emporium.
 24718 | Orc:2    | Found a roughly hewn altar of Beogh.
 24721 | Orc:2    | Found Jexuir's Antique Armour Shoppe.
 24726 | Orc:2    | Bought a glowing tower shield for 232 gold pieces
 24769 | Orc:2    | Found Onuzximp's General Store.
 24838 | Orc:2    | Found a bloodstained altar of Trog.
 24914 | Orc:2    | Found Juiptel's Magic Scroll Boutique.
 24940 | Orc:2    | Found a roughly hewn altar of Beogh.
 25049 | Orc:2    | Found a roughly hewn altar of Beogh.
 25148 | Orc:2    | Found a roughly hewn altar of Beogh.
 25163 | Orc:2    | Found Cuuchoip's General Store.
 25194 | Orc:2    | Bought the +6 chain mail "Guowyzu" {rCorr Str+9 SInv} for
                  | 982 gold pieces
 25194 | Orc:2    | Bought a scroll of fear for 49 gold pieces
 25194 | Orc:2    | Bought 2 scrolls of summoning for 266 gold pieces
 25325 | Snake:1  | Entered Level 1 of the Snake Pit
 25330 | Snake:1  | Noticed Jorgrun
 25341 | Snake:1  | Killed Jorgrun
 26139 | Snake:1  | Reached skill level 13 in Shields
 27610 | Snake:1  | Reached skill level 10 in Armour
 27692 | Shoals:1 | Entered Level 1 of the Shoals
 27720 | Shoals:1 | Acquired a manual of Throwing
 27903 | Shoals:1 | Found Rircha's Island Escapes.
 27927 | Shoals:1 | Bought a scroll of blinking for 150 gold pieces
 27927 | Shoals:1 | Bought a scroll of fog for 40 gold pieces
 27927 | Shoals:1 | Bought a scroll of fog for 40 gold pieces
 27927 | Shoals:1 | Bought a scroll of blinking for 150 gold pieces
 27927 | Shoals:1 | Bought a scroll of blinking for 150 gold pieces
 27927 | Shoals:1 | Bought a scroll of teleportation for 60 gold pieces
 28778 | Shoals:2 | Noticed a kraken
 28778 | Shoals:2 | Noticed a kraken
 28855 | Shoals:2 | Noticed Ilsuiw
 28858 | Shoals:2 | Reached skill level 14 in Shields
 28859 | Shoals:2 | Reached skill level 5 in Throwing
 28859 | Shoals:2 | Reached XP level 18. HP: 140/140 MP: 21/21
 28871 | Shoals:2 | Killed Ilsuiw
 29191 | Shoals:2 | Found Uciduts's Jewellery Boutique.
 29293 | Shoals:2 | Bought a +4 ring of slaying for 1092 gold pieces
 29752 | Shoals:3 | Noticed Polyphemus
 29755 | Shoals:3 | Found a transporter.
 29848 | Shoals:3 | Found a transporter.
 29852 | Shoals:3 | Identified the cursed +0 rapier of Trauma {vorpal, *Noise
                  | Str+6 Int-2}
 29947 | Shoals:3 | Killed Polyphemus
 30445 | Shoals:4 | Entered Level 4 of the Shoals
 30448 | Shoals:4 | Noticed Kirke
 30452 | Shoals:4 | Killed Kirke
 30487 | Shoals:4 | Identified the +1 leather armour of Yredelemnul's Whim
                  | {-Tele rF+ MP+9 Dex+4}
 30620 | Shoals:4 | Reached skill level 10 in Throwing
 30620 | Shoals:4 | Reached skill level 15 in Shields
 30803 | Shoals:4 | Noticed Bai Suzhen
 30836 | Shoals:4 | Killed Bai Suzhen
 31407 | Shoals:4 | Identified the +4 morningstar of Crystal {elec, MR+ Str+3
                  | Stlth+}
 31614 | Shoals:4 | Noticed Louise
 31628 | Shoals:4 | Killed Louise
 31685 | Shoals:4 | Reached XP level 19. HP: 120/146 MP: 22/22
 31827 | Shoals:4 | Got a barnacled rune of Zot
 32388 | Vaults:1 | Entered Level 1 of the Vaults
 32628 | Vaults:1 | Learned a level 1 spell: Apportation
 32631 | Vaults:1 | Learned a level 2 spell: Blink
 32997 | Vaults:1 | Found Memul's Weapon Shoppe.
 33609 | Vaults:1 | Identified the cursed +1 rapier of Okawaru {flame, Int+4}
 33659 | Vaults:1 | Identified the +6 quarterstaff "Puen" {vorpal, rElec rPois
                  | Int-5}
 34133 | Vaults:2 | Found Meun's Gadget Shoppe.
 34150 | Vaults:2 | Bought a wand of enslavement (12) for 182 gold pieces
 34150 | Vaults:2 | Bought a wand of enslavement (9) for 143 gold pieces
 34150 | Vaults:2 | Bought a wand of acid (6) for 260 gold pieces
 34421 | Vaults:2 | Reached XP level 20. HP: 153/153 MP: 23/23
 34651 | Vaults:2 | Reached skill level 15 in Throwing
 34814 | Vaults:2 | Found Vatereyck's Weapon Emporium.
 35455 | Vaults:2 | Found a staircase to the Crypt.
 35460 | Vaults:2 | Reached skill level 5 in Translocations
 35936 | Vaults:3 | Noticed Mennas
 35983 | Vaults:3 | Killed Mennas
 36472 | Vaults:3 | Reached XP level 21. HP: 154/158 MP: 24/24
 36742 | Vaults:3 | Noticed Nikola
 36745 | Vaults:3 | Killed Nikola
 36995 | Vaults:3 | Paralysed by an ogre mage for 4 turns
 38469 | Vaults:4 | Identified the +1 robe of Entitlement {+Fly rElec Int-2}
 38550 | Vaults:4 | Reached XP level 22. HP: 164/164 MP: 25/25
 39224 | Vaults:4 | Learned a level 3 spell: Lesser Beckoning
 39377 | Vaults:4 | Identified the Guide on Igneous Transformation
 40454 | Lair:6   | Killed Rupert
 40454 | Lair:6   | Reached skill level 16 in Shields
 41097 | Snake:3  | Noticed Mara
 41107 | Snake:3  | Noticed bmfx's illusion
 41135 | Snake:3  | Killed Mara
 41351 | Snake:3  | Identified the cursed -1 pair of boots "Ucicilog" {rPois
                  | rF+++ Str+3 Stlth-}
 42283 | Snake:4  | Entered Level 4 of the Snake Pit
 42297 | Snake:4  | Identified the cursed +0 shortbow of World Downfall {venom,
                  | rElec rPois rC-}
 42635 | Snake:4  | Found a large runed translucent door.
 42635 | Snake:4  | Found a large runed translucent door.
 43005 | Snake:4  | Noticed Hainim's ghost (journeyman OpVM)
 43170 | Snake:4  | Reached XP level 23. HP: 170/170 MP: 26/26
 43235 | Snake:4  | Reached skill level 17 in Shields
 43658 | Snake:4  | Got a serpentine rune of Zot
 44001 | Elf:1    | Entered Level 1 of the Elven Halls
 44619 | Elf:1    | Identified the Disquisition on Attacks and Calling
 44934 | Elf:1    | Found Ocreid's Gadget Shop.
 45064 | Elf:1    | Found a runed translucent gate.
 45064 | Elf:1    | Found a runed translucent gate.
 45064 | Elf:1    | Found a runed translucent gate.
 45064 | Elf:1    | Noticed Qaurghus's ghost (veteran TrFi)
 45203 | Elf:2    | Noticed Azrael
 45214 | Elf:2    | Killed Azrael
 45404 | Elf:2    | Found a runed translucent gate.
 45406 | Elf:2    | Found a runed translucent gate.
 45406 | Elf:2    | Found a runed translucent gate.
 46989 | Elf:3    | Entered Level 3 of the Elven Halls
 47345 | Elf:3    | Noticed Roxanne
 47384 | Elf:3    | Identified the +8 pearl dragon scales "Puawosa" {rC- rN+
                  | Dex+4 Stlth+}
 47539 | Elf:3    | Reached XP level 24. HP: 183/184 MP: 26/26
 48317 | Elf:3    | Reached skill level 15 in Fighting
 48465 | Elf:3    | Identified the +1 mace of Quick Death {drain, rF+}
 48466 | Elf:3    | Identified the ring of Qitonoch {Ice *Drain rN+ MP+9}
 48538 | Elf:3    | Identified the Disquisition on Lethal Conjuration
 48660 | Elf:3    | Identified the ring "Himnum" {Ice *Contam rElec Str+8
                  | Dex+4}
 48771 | Elf:3    | Identified the Almanac of Enthralling Toxins
 48796 | Elf:3    | Found the +7 sceptre of Torment {pain, torment}
 48796 | Elf:3    | Found the +4 Cigotuvi's embrace {rRot *Drain rN+}
 48796 | Elf:3    | Identified the +2 leather armour of the Rose {rElec rC-
                  | MR++}
 48797 | Elf:3    | Identified the ring of Gerphufuk {rElec rPois rC+ Str+6
                  | Stlth-}
 49043 | Orc:2    | Bought 2 potions of curing for 84 gold pieces
 49043 | Orc:2    | Bought a potion of might for 56 gold pieces
 49045 | Orc:2    | Learned a level 1 spell: Animate Skeleton
 49237 | Depths:1 | Entered Level 1 of the Depths
 49242 | Depths:1 | Reached skill level 1 in Necromancy
 49375 | Depths:1 | Found Fimnokiq's Changing Room.
 49521 | Depths:1 | Reached skill level 5 in Necromancy
 49629 | Depths:1 | Found a gateway to Hell.
 49728 | Depths:1 | Found a one-way gate to the infinite horrors of the Abyss.
 49818 | Depths:1 | Reached XP level 25. HP: 147/195 MP: 26/26
 50952 | Depths:2 | Found the +8 arc blade {discharge, rElec}
 51100 | Depths:2 | Noticed Saint Roka
 51116 | Depths:2 | Killed Saint Roka
 51845 | Depths:3 | Reached skill level 15 in Dodging
 52023 | Depths:3 | Noticed a caustic shrike
 52030 | Depths:3 | Killed a caustic shrike
 52648 | Depths:3 | Paralysed by an ogre mage for 7 turns
 52862 | Depths:3 | Noticed a juggernaut
 52865 | Depths:3 | Noticed an ancient lich
 52876 | Depths:3 | Killed a juggernaut
 52884 | Depths:3 | Killed an ancient lich
 53040 | Depths:3 | Reached XP level 26. HP: 199/208 MP: 26/26
 53089 | Depths:3 | Identified the ring of Vetim {Wiz rF- Dex+6 Slay+5}
 53136 | Depths:3 | Noticed a juggernaut
 53144 | Depths:3 | Killed a juggernaut
 53145 | Depths:3 | Found a gateway to a ziggurat.
 53155 | Depths:3 | Identified the ring of Vichavos {Wiz rN++ MR+ Int+3}
 53213 | Depths:3 | Identified the +0 leather armour of Morality {Harm rF+ MR+
                  | Int-5}
 53214 | Depths:3 | Identified the Tome of Supportive Displacement
 53231 | Depths:3 | Found a one-way gate leading to the halls of Pandemonium.
 53231 | Depths:3 | Identified the +8 flail of Dithmenos's Favour {drain, Str+9
                  | Dex+3}
 53269 | Depths:3 | Identified the +4 chain mail of the Lotus Blossom {rF+++
                  | MR- Str+9 Int-3}
 54083 | Depths:4 | Reached skill level 15 in Armour
 55265 | Depths:5 | Entered Level 5 of the Depths
 55734 | Depths:5 | Reached XP level 27. HP: 217/217 MP: 26/26
 55989 | Depths:5 | Found Tic Qaur's Distillery.
 56035 | Depths:5 | Bought a potion of heal wounds for 75 gold pieces
 56035 | Depths:5 | Bought a potion of haste for 150 gold pieces
 56103 | Depths:5 | Noticed Margery
 56113 | Depths:5 | Killed Margery
 56286 | Depths:5 | Found a gate to the Realm of Zot.
 56971 | Snake:4  | Killed Hainim's ghost
 57401 | Depths:1 | Voluntarily entered the Abyss.
 57577 | Abyss:2  | Found a corrupted altar of Lugonu.
 57718 | Abyss:3  | Gained mutation: You are dopey. (Int -2) [a neqoxec]
 57750 | Abyss:3  | Paralysed by accursed screaming for 1 turns
 58050 | Abyss:3  | Identified the +6 plate armour of Govi Lal {Regen+ Str-2
                  | Int+3}
 58152 | Abyss:3  | Found a radiant altar of Vehumet.
 58155 | Abyss:3  | Found a hazy altar of Hepliaklqana.
 58332 | Abyss:3  | Gained mutation: Scrolls take you a little longer to read.
                  | [a neqoxec]
 58333 | Abyss:3  | Gained mutation: Your spells are a little easier to cast,
                  | but a little less powerful. [a neqoxec]
 58342 | Abyss:3  | Gained mutation: You occasionally shout uncontrollably at
                  | your foes. [a neqoxec]
 58785 | Abyss:3  | Gained mutation: Scrolls take you longer to read. [a
                  | neqoxec]
 59833 | Abyss:3  | Paralysed by accursed screaming for 1 turns
 59834 | Abyss:3  | Got an abyssal rune of Zot
 59867 | Depths:1 | Escaped the Abyss
 60150 | Depths:1 | Bought a potion of mutation for 136 gold pieces
 60150 | Depths:1 | Bought a potion of mutation for 136 gold pieces
 60238 | Depths:5 | Bought a potion of mutation for 120 gold pieces
 60238 | Depths:5 | Lost mutation: Your spells are much easier to cast, but
                  | much less powerful. [potion of mutation]
 60238 | Depths:5 | Lost mutation: You are dopey. (Int -2) [potion of mutation]
 60238 | Depths:5 | Lost mutation: Scrolls take you longer to read. [potion of
                  | mutation]
 60238 | Depths:5 | Gained mutation: You are clumsy. (Dex -2) [potion of
                  | mutation]
 60238 | Depths:5 | Gained mutation: You are partially covered in molten
                  | scales. (AC +2) [potion of mutation]
 60239 | Depths:5 | Lost mutation: You are partially covered in molten scales.
                  | (AC +2) [potion of mutation]
 60239 | Depths:5 | Lost mutation: Scrolls take you a little longer to read.
                  | [potion of mutation]
 60239 | Depths:5 | Lost mutation: You are clumsy. (Dex -2) [potion of
                  | mutation]
 60239 | Depths:5 | Gained mutation: Armour fits poorly on your strangely
                  | shaped body. [potion of mutation]
 60239 | Depths:5 | Gained mutation: You expend magic power (3 MP) to
                  | strengthen your wands. [potion of mutation]
 60239 | Depths:5 | Gained mutation: You have a beak for a mouth. [potion of
                  | mutation]
 60650 | Elf:3    | Lost mutation: Armour fits poorly on your strangely shaped
                  | body. [potion of mutation]
 60650 | Elf:3    | Lost mutation: You expend magic power (3 MP) to strengthen
                  | your wands. [potion of mutation]
 60650 | Elf:3    | Gained mutation: You have sharp toenails. [potion of
                  | mutation]
 60650 | Elf:3    | Gained mutation: You are frail. (-10% HP) [potion of
                  | mutation]
 60650 | Elf:3    | Gained mutation: You have an increased reservoir of magic.
                  | (+10% MP) [potion of mutation]
 60651 | Elf:3    | Lost mutation: You have sharp toenails. [potion of
                  | mutation]
 60651 | Elf:3    | Lost mutation: You occasionally shout uncontrollably at
                  | your foes. [potion of mutation]
 60651 | Elf:3    | Gained mutation: Scrolls take you a little longer to read.
                  | [potion of mutation]
 60651 | Elf:3    | Gained mutation: You can translocate small distances at
                  | will. [potion of mutation]
 60652 | Elf:3    | Lost mutation: You have an increased reservoir of magic.
                  | (+10% MP) [potion of mutation]
 60652 | Elf:3    | Lost mutation: You are frail. (-10% HP) [potion of
                  | mutation]
 60652 | Elf:3    | Gained mutation: You are frail. (-10% HP) [potion of
                  | mutation]
 60652 | Elf:3    | Gained mutation: You have a pair of small antennae on your
                  | head. [potion of mutation]
 60652 | Elf:3    | Gained mutation: You are partially covered in yellow
                  | scales. (AC +2) [potion of mutation]
 60653 | Elf:3    | Lost mutation: Scrolls take you a little longer to read.
                  | [potion of mutation]
 60653 | Elf:3    | Lost mutation: You are partially covered in yellow scales.
                  | (AC +2) [potion of mutation]
 60653 | Elf:3    | Lost mutation: You can translocate small distances at will.
                  | [potion of mutation]
 60653 | Elf:3    | Gained mutation: You have sharp toenails. [potion of
                  | mutation]
 60653 | Elf:3    | Gained mutation: You tend to lose your temper in combat.
                  | [potion of mutation]
 60653 | Elf:3    | Gained mutation: You are partially covered in thin metallic
                  | scales. (AC +2) [potion of mutation]
 61013 | Vaults:5 | Entered Level 5 of the Vaults
 61013 | Vaults:5 | Noticed an ancient lich
 61049 | Vaults:5 | Killed an ancient lich
 61835 | Vaults:5 | Identified the ring of Broken Luck {MR+ Slay+2}
 61959 | Vaults:5 | Identified the ring of Recenkai {Fire rN+ Dex+4 Slay+3}
 61960 | Vaults:5 | Identified Xykang's Catalogue of Unstable Clay
 62039 | Vaults:5 | Noticed Xtahua
 62042 | Vaults:5 | Paralysed by Xtahua for 4 turns
 62055 | Vaults:5 | Killed Xtahua
 62131 | Vaults:5 | Identified the +1 robe "Wusmiy" {rElec rF+}
 62337 | Vaults:5 | Identified the amulet of the Townfolk {Reflect +Fly SH+5}
 62341 | Vaults:5 | Got a silver rune of Zot
 62615 | Vaults:5 | Identified Ynumniag's Grimoire of Dusty Poisoning
 63285 | Zot:1    | Entered Level 1 of the Realm of Zot
 63435 | Zot:1    | Noticed an orb of fire
 63436 | Zot:1    | Gained mutation: Scrolls take you a little longer to read.
                  | [an orb of fire]
 63504 | Depths:5 | Gained mutation: You are dopey. (Int -2) [an orb of fire]
 63509 | Depths:5 | Gained mutation: You are clumsy. (Dex -2) [an orb of fire]
 63511 | Depths:5 | Killed an orb of fire
 64272 | Zot:5    | Entered Level 5 of the Realm of Zot
 64438 | Zot:5    | Noticed a Killer Klown
 64446 | Zot:5    | Killed a Killer Klown
 64507 | Zot:5    | Reached skill level 10 in Evocations
 64734 | Zot:5    | Learned a level 1 spell: Summon Butterflies
 64751 | Zot:5    | Reached skill level 1 in Summonings
 64824 | Zot:5    | Noticed an ancient lich
 64836 | Zot:5    | Noticed an ancient lich
 64841 | Zot:5    | Killed an ancient lich
 64845 | Zot:5    | Noticed a Killer Klown
 64847 | Zot:5    | Noticed a Killer Klown
 64850 | Zot:5    | Killed an ancient lich
 64850 | Zot:5    | Reached skill level 5 in Summonings
 64858 | Zot:5    | Killed a Killer Klown
 64875 | Zot:5    | Killed a Killer Klown
 64881 | Zot:5    | Noticed a Killer Klown
 64884 | Zot:5    | Noticed a Killer Klown
 64889 | Zot:5    | Noticed an ancient lich
 64891 | Zot:5    | Killed a Killer Klown
 64891 | Zot:5    | Reached skill level 18 in Shields
 64895 | Zot:5    | Killed an ancient lich
 64903 | Zot:5    | Killed a Killer Klown
 65018 | Zot:5    | Noticed an orb of fire
 65020 | Zot:5    | Killed an orb of fire
 65044 | Zot:5    | Noticed an ancient lich
 65066 | Zot:5    | Killed an ancient lich
 65131 | Zot:5    | Reached skill level 19 in Shields
 65233 | Zot:5    | Noticed a Killer Klown
 65238 | Zot:5    | Killed a Killer Klown
 65241 | Zot:5    | Noticed a Killer Klown
 65241 | Zot:5    | Noticed an ancient lich
 65261 | Zot:5    | Killed an ancient lich
 65261 | Zot:5    | Reached skill level 20 in Shields
 65267 | Zot:5    | Killed a Killer Klown
 65367 | Zot:5    | Noticed an ancient lich
 65372 | Zot:5    | Killed an ancient lich
 65469 | Zot:5    | Noticed an ancient lich
 65481 | Zot:5    | Killed an ancient lich
 65517 | Zot:5    | Noticed an orb of fire
 65520 | Zot:5    | Gained mutation: You are very dopey. (Int -4) [an orb of
                  | fire]
 65522 | Zot:5    | Killed an orb of fire
 65522 | Zot:5    | Reached skill level 21 in Shields
 65921 | Zot:5    | Got the Orb of Zot
 66519 | D:$      | Escaped with the Orb!
